 Dungeon Crawl Stone Soup version 0.27-a0-320-g81d27af2d4 (webtiles) character file.

Game seed: 17378061871835150982

612 kae the Ruffian (level 7, -1/56 HPs)
             Began as a Red Draconian Transmuter on Feb 10, 2021.
             Was an Initiate of Ru.
             Slain by a centaur (6 damage)
             ... on level 5 of the Dungeon.
             The game lasted 00:03:22 (6153 turns).

kae the Ruffian (Red Draconian Transmuter)          Turns: 6153, Time: 00:03:23

Health: -1/56      AC:  7    Str: 13 (14) XL:     7   Next: 20%
Magic:  11/11      EV: 12    Int: 10 (13) God:    Ru [......]
Gold:   335        SH:  0    Dex: 10 (12) Spells: 4/12 levels left

rFire    + + .     SeeInvis .     - Unarmed
rCold    x . .     Faith    .   (no shield)
rNeg     . . .     Spirit   .   (armour unavailable)
rPois    .         Reflect  .   (helmet restricted)
rElec    .         Harm     .   i - +0 cloak
rCorr    +         Rampage  .   (no gloves)
Will     .....                  (no boots)
Stlth    +.........             (no amulet)
HPRegen  0.18/turn              d - ring of fire
MPRegen  0.12/turn              k - ring of resist corrosion

@: no status effects
A: breathe fire, unfitting armour, fire resistance 1, cold-blooded, AC +6
a: Breathe Fire, Renounce Religion


You were on level 5 of the Dungeon.
You worshipped Ru.
Ru was noncommittal.
You visited 2 branches of the dungeon, and saw 6 of its levels.

You collected 335 gold pieces.

Inventory:

Armour
 b - a scarf of shadows
 i - a +0 cloak (worn)
Jewellery
 d - a ring of fire (left hand)
 k - a ring of resist corrosion (right hand)
Wands
 a - a wand of polymorph (3)
Scrolls
 c - 3 scrolls of identify
 h - 2 scrolls of teleportation
 n - 3 scrolls of amnesia
 p - a scroll of enchant armour {unknown}
 r - a scroll of noise {unknown}
Potions
 e - 2 potions of mutation
 f - a potion of magic
 g - 2 potions of curing
 j - 3 potions of might
 l - a potion of cancellation
 q - 2 potions of haste


   Skills:
 + Level 2.9 Fighting
 + Level 2.9 Dodging
 * Level 4.8 Unarmed Combat
 + Level 3.1 Spellcasting
 * Level 4.0 Transmutations
 * Level 1.6 Ice Magic
 - Level 2.1 Poison Magic


You had 4 spell levels left.
You knew the following spells:

 Your Spells              Type           Power        Failure   Level
a - Beastly Appendage     Tmut           18%          5%          1
b - Spider Form           Tmut/Pois      3%           24%         3
c - Ice Form              Ice/Tmut       7%           65%         4

Your spell library contained the following spells:

 Spells                   Type           Power        Failure   Level
 Wereblood                Tmut           9%           9%          2
 Blade Hands              Tmut           4%           83%         5


Dungeon Overview and Level Annotations

Branches:
Dungeon (5/15)             Temple (1/1) D:4

Altars:
Cheibriados
Dithmenos
Fedhas
Gozag
Kikubaaqudgha
Makhleb
Nemelex Xobeh
Qazlal
Ru
Uskayaw
Vehumet
Xom
Yredelemnul
Zin
The Shining One

Shops:
D:5 [


Innate Abilities, Weirdness & Mutations

You can breathe blasts of fire.
Your fiery red scales are hard. (AC +6)
You cannot fit into any form of body armour.
Your flesh is heat resistant. (rF+)
You are cold-blooded and may be slowed by cold attacks.


Message History

You open the door.
Your transformation has ended.
Your +0 cloak unmelds from your body.
There is an open door here.
A centaur comes into view.
The centaur wields a +0 shortbow.
The centaur shoots an arrow.
The arrow hits you but does no damage.
The centaur shoots an arrow.
The arrow closely misses you.
The centaur shoots an arrow.
The arrow hits you.
The centaur shoots an arrow.
The arrow completely misses you.
The centaur shoots an arrow.
The arrow hits you.
The centaur shoots an arrow.
The arrow barely misses you.
The centaur shoots an arrow.
The arrow misses you.
You open the door.
The centaur shoots an arrow.
The arrow hits you!
The centaur shoots an arrow.
The arrow closely misses you.
The centaur shoots an arrow.
The arrow barely misses you.
The centaur shoots an arrow.
The arrow hits you!
* * * LOW HITPOINT WARNING * * *
There is an open door, spattered with blood here.
You close the door.
A centaur opens the door.
The centaur shoots an arrow.
The arrow completely misses you.
The centaur shoots an arrow.
The arrow hits you!
* * * LOW HITPOINT WARNING * * *
You are confused.
You feel invigorated.
The centaur shoots an arrow.
The arrow hits you.
* * * LOW HITPOINT WARNING * * *
The centaur shoots an arrow.
The arrow hits you but does no damage.
The sentinel's mark upon you fades away.
You feel less invigorated.
You feel less confused.
The centaur shoots an arrow.
The arrow hits you.
* * * LOW HITPOINT WARNING * * *
The centaur shoots an arrow.
The arrow closely misses you.
The arrow hits the giant cockroach.
The giant cockroach dies!
A giant cockroach comes into view.
The centaur shoots an arrow.
The arrow hits you.
* * * LOW HITPOINT WARNING * * *
The centaur unwields a +0 shortbow.
The centaur hits you.
You die...

....... ..........#
.......... .........#
... .........
...#######..... #
........##....######.#
#......##...o5c@..h.#
##......##...B######c#
.......................
........##...........
...
........c.h.########.
### ......5.###c#
........# #..#
........# ##.#
........# .#


You could see 2 centaurs, a hound, a shadow imp, an orc and a giant cockroach.

Vanquished Creatures
  Purgy (D:3)
  A centaur (D:5)
  An ogre (D:4)
  A centaur skeleton (D:4)
  A hound (D:4)
  5 worker ants
  5 adders
  An ooze (D:2)
  An adder skeleton (D:4)
  3 worms
  A dart slug (D:3)
  A leopard gecko (D:2)
  10 orcs
  5 ball pythons
  7 giant cockroaches
  10 goblins
  9 hobgoblins
  7 jackals
  10 kobolds
  3 quokkas
  6 bats
  5 frilled lizards
  A jackal skeleton (D:4)
  7 rats
102 creatures vanquished.

Vanquished Creatures (others)
  A hound (D:5)
  An orc wizard (D:5)
  2 worker ants (D:5)
  2 orcs (D:5)
  A giant cockroach (D:5)
7 creatures vanquished.

Grand Total: 109 creatures vanquished

Notes
Turn   | Place    | Note
-------+----------+-------------------------------------------
     0 | D:1      | kae the Draconian Transmuter began the quest for the Orb.
     0 | D:1      | Reached XP level 1. HP: 16/16 MP: 3/3
   456 | D:1      | Reached XP level 2. HP: 16/23 MP: 3/5
  1749 | D:2      | Reached XP level 3. HP: 22/28 MP: 6/6
  1925 | D:2      | Learned a level 3 spell: Spider Form
  2332 | D:2      | Reached XP level 4. HP: 28/36 MP: 5/7
  2589 | D:2      | Reached skill level 1 in Poison Magic
  3405 | D:3      | Reached XP level 5. HP: 41/41 MP: 4/8
  3448 | D:3      | Learned a level 4 spell: Ice Form
  3456 | D:3      | Noticed Purgy
  3469 | D:3      | HP: 1/41 [Purgy (3)]
  3480 | D:3      | Killed Purgy
  3823 | D:3      | Found a sparkling altar of Nemelex Xobeh.
  3967 | D:3      | Reached XP level 6. HP: 49/49 MP: 8/10
  3983 | D:3      | Found a stormy altar of Qazlal.
  4546 | D:3      | Found an opulent altar of Gozag.
  4625 | D:3      | Found a sparkling altar of Nemelex Xobeh.
  4725 | D:4      | Found a blossoming altar of Fedhas.
  4940 | D:4      | Reached skill level 1 in Ice Magic
  5109 | D:4      | Found a staircase to the Ecumenical Temple.
  5290 | Temple   | Entered the Ecumenical Temple
  5383 | Temple   | Became a worshipper of Ru the Awakened
  5596 | D:4      | Your scales start taking on a fiery red colour.
  5596 | D:4      | Reached XP level 7. HP: 56/56 MP: 7/11
  5596 | D:4      | Gained mutation: Your flesh is heat resistant. (rF+) [Red
                  | Draconian growth]
  5841 | D:5      | Entered Level 5 of the Dungeon
  5841 | D:5      | Found Bassomm's Antique Armour Emporium.
  5938 | D:5      | Found a shimmering altar of Xom.
  6147 | D:5      | HP: 1/56 [centaur/arrow (10)]
  6153 | D:5      | Slain by a centaur

Illustrated notes

Levels and vault maps discovered:
D:1:      minmay_arrival_widening_spiral_wide, layout_loops_corners
D:2:      layout_basic, minmay_randomly_rotated_circles
D:3:      minmay_inner_zag, layout_basic, nicolae_gozag_seed_capital,
          nicolae_qazlal_general_emergency, nicolae_overflow_hidden_temple,
          nemelex_lonely_heart_becter, uniq_purgy
D:4:      layout_basic, kennysheep_mini, minmay_temple_entry_waves
D:5:      layout_basic, xom_confusion_cloud, serial_shops, shop,
          nicolae_shop_behind_doors, shop, eino_small_chamber_without_monster
Temple:   compressed_dpeg_circular_temple

Skill      XL: |  1  2  3  4  5  6  7 |
---------------+----------------------+-----
Dodging        | 2 |  2.9
Poison Magic   | 1 2 |  2.1
Fighting       | 2 |  2.9
Unarmed Combat | 4 |  4.8
Transmutations | 3 4 |  4.0
Ice Magic      | 1 |  1.6
Spellcasting   | 3 |  3.1

Action                   |  1- 3 |  4- 6 |  7- 9 || total
-------------------------+-------+-------+-------++-------
Melee: Unarmed           |   106 |   165 |    22 ||   293
       Headbutt          |    11 |    10 |       ||    21
       Tailslap          |     6 |    10 |       ||    16
       Punch             |     1 |     1 |       ||     2
       Kick              |    12 |    14 |       ||    26
 Cast: Beastly Appendage |    24 |    24 |     1 ||    49
       Spider Form       |       |     8 |     4 ||    12
  Use: Scroll            |       |    11 |     1 ||    12
       Potion            |       |     1 |     2 ||     3
 Stab: Sleeping          |       |     1 |       ||     1
Armor: Skin              |    40 |    38 |     3 ||    81
Dodge: Dodged            |    88 |   148 |    32 ||   268

Table legend: (Time is in decaauts)
 A = Elapsed time spent in this place.
 B = Non-inter-level travel time spent in this place.
 C = Inter-level travel time spent in this place.
 D = Time resting spent in this place.
 E = Time spent auto-exploring this place.
 F = Levels seen in this place.
 G = Mean time per level.
                   A        B        C        D        E       F      G
               +--------+--------+--------+--------+--------+-----+--------+
         Total |   6111 |   5937 |    174 |    129 |   5009 |   6 | 1018.5 |
       Dungeon |   6008 |   5843 |    165 |    129 |   4932 |   5 | 1201.6 |
        Temple |    102 |     94 |      8 |      0 |     77 |   1 |  102.0 |
               +--------+--------+--------+--------+--------+-----+--------+

Top non-repeatable levels by time:
     D:2: 1682 daAuts
     D:1: 1567 daAuts
     D:3: 1403 daAuts
     D:4: 1044 daAuts
     D:5: 310 daAuts
  Temple: 102 daAuts
